AoeStats
← Pab Mienko

Arena

504833693Analyzed
2v2 RM · 27d ago on Sep 6, 2026· 50m 50s· 4 players
Game mode
Random Map
Map size
Medium (4 player)
Population
200
Speed
Normal
Resources
Standard
Victory
Conquest
Starting age
Dark Age
Ending age
Imperial Age
RankedLock teamsTeams togetherTeam positionsShared explorationLock speedFull tech treeHidden civsTurbo modeCheats
Victory
Defeat
🇿🇦 Turks · South Africa
780
+18
🇳🇱 Vikings · Netherlands
780
+18
🇹🇷 Celts · Türkiye
826
-18
🇹🇷 Byzantines · Türkiye
814
-18
Pab Mienko
7:25 Loom
9:19 Feudal Age
9:55 Double-Bit Axe
15:10 Loom
17:43 Castle Age
15:31 Loom
16:19 Horse Collar
16:54 Scale Barding Armor
20:06 Chain Barding Armor
20:32 Wheelbarrow
20:14 Town Watch
21:42 Bow Saw
22:54 Hand Cart
25:46 Town Patrol
26:00 Forging
28:17 Fletching
29:03 Iron Casting
30:10 Elite Skirmisher
30:59 Bodkin Arrow
31:05 Scale Mail Armor
33:52 Stronghold
42:28 Imperial Age
40:47 Padded Archer Armor
43:02 Murder Holes
43:27 Ballistics
43:53 Conscription
43:19 Capped Ram
47:39 Heavy Plow
49:53 Onager
Righteous
8:17 Loom
10:03 Loom
13:14 Feudal Age
14:33 Wheelbarrow
13:46 Double-Bit Axe
13:43 Horse Collar
14:07 Arson
13:44 Man-at-Arms
15:18 Gold Mining
16:06 Stone Mining
21:07 Scale Mail Armor
26:56 Castle Age
25:31 Scale Mail Armor
25:24 Fletching
25:36 Fletching
26:39 Forging
26:55 Padded Archer Armor
27:57 Bow Saw
27:57 Heavy Plow
27:52 Gambesons
28:25 Squires
30:33 Elite Skirmisher
31:55 Gold Shaft Mining
32:09 Husbandry
32:41 Hand Cart
34:00 Iron Casting
34:37 Thumb Ring
38:43 Scale Barding Armor
38:40 Padded Archer Armor
39:16 Pikeman
42:36 Murder Holes
42:53 Fortified Wall
42:34 Guard Tower
43:07 Ballistics
43:40 Bodkin Arrow
44:46 Chain Barding Armor
45:21 Treadmill Crane
50:02 Imperial Age
TEAM MBG
0:26 Loom
11:26 Feudal Age
12:08 Double-Bit Axe
12:07 Horse Collar
14:20 Stone Mining
18:46 Gold Mining
20:05 Gold Mining
22:20 Castle Age
23:10 Bow Saw
23:05 Heavy Plow
24:31 Gold Shaft Mining
27:34 Squires
27:31 Gambesons
28:28 Arson
33:38 Imperial Age
35:15 Crop Rotation
35:51 Two-Man Saw
35:44 Bogsveigar
36:37 Caravan
36:34 Crossbowman
37:09 Fletching
37:19 Padded Archer Armor
37:21 Scale Mail Armor
37:32 Forging
38:08 Arbalester
38:56 Bodkin Arrow
39:17 Leather Archer Armor
40:48 Bracer
41:04 Chain Mail Armor
41:25 Iron Casting
42:24 Ring Archer Armor
42:28 Chieftains
41:49 Elite Berserk
46:03 Ballistics
45:39 Murder Holes
45:25 Treadmill Crane
45:36 Heated Shot
50:49 Fortified Wall
51:40 Chemistry
50:45 Siege Engineers
50:51 Masonry
Heli Jacob
7:56 Loom
10:22 Feudal Age
11:11 Double-Bit Axe
19:05 Castle Age
20:26 Gold Mining
23:35 Imperial Age
28:20 Wheelbarrow
44:16 Loom
45:54 Caravan
Connection lost

Rejoining the realm…

Still unreachable

The connection could not be restored.

Session expired

The server has moved on; the page needs a fresh start.